 Seeded DCSS version 0.29-a0-668-g12ee2bf84d (webtiles) character file.

Game seed: 20220624 (custom seed)

144 purpskrrrp the Digger (level 5, -3/36 HPs)
             Began as a Formicid Wanderer on June 24, 2022.
             Slain by a gnoll
             ... wielding a +0 spear
              (4 damage)
             ... on level 3 of the Dungeon.
             The game lasted 00:10:22 (2385 turns).

purpskrrrp the Digger (Formicid Wanderer)           Turns: 2385, Time: 00:10:22

Health: -3/36      AC:  5    Str: 22    XL:     5   Next: 51%
Magic:  6/6        EV: 10    Int:  8    God:
Gold:   102        SH:  4    Dex: 13    Spells: 5/6 levels left

rFire   + . .      SeeInvis +   k - +0 mace
rCold   . . .      Faith    .   b - +0 buckler
rNeg    . . .      Spirit   .   i - +0 ring mail
rPois   .          Reflect  .   (helmet unavailable)
rElec   .          Harm     .   (no cloak)
rCorr   .          Rampage  .   (no gloves)
Will    .....                   (no boots)
Stlth   +.........              n - amulet of regeneration
HPRegen 0.92/turn               o - ring of protection from fire
MPRegen 0.10/turn               h - ring of wizardry

@: no status effects
A: permanent stasis, dig shafts and tunnels, antennae 3, four strong arms
a: Dig, Shaft Self


You were on level 3 of the Dungeon.
You visited 1 branch of the dungeon, and saw 3 of its levels.

You collected 102 gold pieces.

Inventory:

Hand Weapons
 a - a +2 spear
 k - a +0 mace (weapon)
Armour
 b - a +0 buckler (worn)
 d - a +0 leather armour
 f - a +0 robe of positive energy
 i - a +0 ring mail (worn)
Jewellery
 h - a ring of wizardry (right hand)
 n - an amulet of regeneration (around neck)
 o - a ring of protection from fire (left hand)
Scrolls
 g - 3 scrolls of teleportation
Potions
 c - a potion of berserk rage
 j - a potion of degeneration {unknown}
 l - 3 potions of flight
 p - a potion of haste


   Skills:
 + Level 0.8 Fighting
 + Level 1.4 Maces & Flails
 + Level 4.0 Polearms
 + Level 3.0 Armour
 + Level 1.4 Dodging
 + Level 0.7 Stealth
 + Level 1.9 Shields
 + Level 1.1 Spellcasting
 + Level 4.1 Earth Magic


You had 5 spell levels left.
You knew the following spells:

 Your Spells              Type           Power      Damage    Failure   Level
a - Sandblast             Erth           14%        2d6       6%          1

Your spell library contained the following spells:

 Spells                   Type           Power      Damage    Failure   Level
 Stone Arrow              Conj/Erth      6%         3d7       36%         3
 Animate Armour           Summ/Erth      6%         N/A       75%         4
 Blade Hands              Tmut           0%         N/A       100%        5
 Iron Shot                Conj/Erth      1%         9d1       100%        6


Dungeon Overview and Level Annotations

Branches:
Dungeon (3/15)

Altars:


Innate Abilities, Weirdness & Mutations

You cannot be hasted, slowed, berserked, paralysed or teleported.
You can dig through walls and to a lower floor.
You have a pair of large antennae on your head. (SInv)
Your four strong arms can wield two-handed weapons with a shield.


Message History

You hit the gnoll.
You kill the gnoll!
You start resting.
HP restored.
There is a stone staircase leading down here.
You see here a +0 club.
You climb downwards.
You hear the sound of rushing water.
There is an entrance to a sewer on this level.
Hurry and find it before the portal rusts away!
There is a stone staircase leading up, spattered with blood here.
The gnoll barely misses you. The gnoll hits you but does no damage.
The gnoll hits you with a +0 spear. x2
You hit the gnoll.
The gnoll is lightly wounded.
The gnoll hits you with a +0 spear. x2
You hit the gnoll but do no damage.
The gnoll is lightly wounded.
You block the gnoll's attack. The gnoll hits you with a +0 spear.
You hit the gnoll but do no damage.
The gnoll is lightly wounded.
The gnoll completely misses you. You block the gnoll's attack.
The gnoll hits you but does no damage. The gnoll closely misses you.
You hit the gnoll.
The gnoll is moderately wounded.
The gnoll closely misses you. The gnoll hits you with a +0 spear!
* * * LOW HITPOINT WARNING * * *
You feel better. The gnoll hits you with a +0 spear.
You block the gnoll's attack.
You hit the gnoll.
The gnoll is heavily wounded.
The gnoll closely misses you. The gnoll hits you with a +0 spear.
The gnoll closely misses you. x2
You barely miss the gnoll.
The gnoll is heavily wounded.
The gnoll hits you with a +0 spear. The gnoll hits you with a +0 spear!
* * * LOW HITPOINT WARNING * * *
The gnoll hits you from afar with a +0 spear.
* * * LOW HITPOINT WARNING * * *
The gnoll hits you from afar with a +0 spear.
You die...

#.# #.!..
##..## ...#
#.....##...#
...........#
........#..###
.............#
.............#
........@.g..#
.......<..g..#
)......#######
.......
.......
>......
.......
.......
.......


You could see 2 gnolls.

Vanquished Creatures
  Natasha (thrice) (D:2)
  A gnoll (D:2)
  3 worms (D:2)
  2 dart slugs
  4 bats (D:1)
  2 endoplasms
  2 giant cockroaches
  6 goblins
  5 jackals
  3 kobolds
  3 quokkas
  6 ball pythons
  A frilled lizard (D:1)
  A rat (D:1)
42 creatures vanquished.

Vanquished Creatures (collateral kills)
  A worm (D:2)
1 creature vanquished.

Grand Total: 43 creatures vanquished

Notes
Turn   | Place    | Note
-------+----------+-------------------------------------------
     0 | D:1      | purpskrrrp the Formicid Wanderer began the quest for the
                  | Orb.
     0 | D:1      | purpskrrrp set off with the following items: a +2 spear, a
                  | +0 buckler, a scroll of fog, a +0 leather armour; and the
                  | following spell memorised: Sandblast; and the following
                  | spells available to memorise: Stone Arrow.
     0 | D:1      | Reached XP level 1. HP: 13/13 MP: 2/2
   160 | D:1      | Reached XP level 2. HP: 19/19 MP: 3/3
   826 | D:1      | Reached XP level 3. HP: 24/24 MP: 4/4
  1457 | D:2      | Noticed Natasha
  1482 | D:2      | Killed Natasha
  1483 | D:2      | Reached XP level 4. HP: 20/30 MP: 5/5
  1739 | D:2      | Noticed Natasha
  1756 | D:2      | Killed Natasha
  1757 | D:2      | Reached skill level 1 in Maces & Flails
  1757 | D:2      | Reached skill level 1 in Dodging
  1770 | D:2      | Noticed Natasha
  1785 | D:2      | Killed Natasha
  1786 | D:2      | Reached XP level 5. HP: 32/36 MP: 6/6
  2385 | D:3      | HP: 1/36 [gnoll/+0 spear (4)]
  2385 | D:3      | Slain by a gnoll

Illustrated notes

Levels and vault maps discovered:
D:1:      elethiomel_arrival_shortcut, layout_loops_corners
D:2:      layout_loops_ring, nrook_mini_backslash, kennysheep_generic_room_15,
          uniq_natasha
D:3:      layout_rooms, zin_purify, minitemple,
          dreamdust_ecumenical_altar_statues, lightli_sewer_entry_pipes,
          gammafunk_ghost_nasty_kobolds, serial_shops,
          nicolae_shop_hallway_stairs, minmay_misc_feat_ornament,
          dreamdust_princess_corridor

Skill      XL: |  1  2  3  4  5 |
---------------+----------------+-----
Earth Magic    | 4 |  4.1
Maces & Flails | 1 |  1.4
Dodging        | 1 |  1.4
Polearms       | 4 |  4.0
Armour         | 3 |  3.0
Fighting       | |  0.8
Stealth        | |  0.7
Shields        | |  1.9
Spellcasting   | |  1.1

Action                   |  1- 3 |  4- 6 || total
-------------------------+-------+-------++-------
Melee: Spear             |    53 |       ||    53
       Mace              |    34 |    72 ||   106
  Use: Scroll            |     5 |     3 ||     8
       Potion            |     1 |     1 ||     2
Armor: Leather armour    |    11 |     2 ||    13
       Ring mail         |       |    36 ||    36
Dodge: Dodged            |    47 |    38 ||    85
Block: Buckler           |    14 |    15 ||    29

Table legend: (Time is in decaauts)
 A = Elapsed time spent in this place.
 B = Non-inter-level travel time spent in this place.
 C = Inter-level travel time spent in this place.
 D = Time resting spent in this place.
 E = Time spent auto-exploring this place.
 F = Levels seen in this place.
 G = Mean time per level.
                   A        B        C        D        E       F      G
               +--------+--------+--------+--------+--------+-----+--------+
         Total |   2423 |   2338 |     85 |     87 |   1189 |   3 |  807.7 |
       Dungeon |   2423 |   2338 |     85 |     87 |   1189 |   3 |  807.7 |
               +--------+--------+--------+--------+--------+-----+--------+

Top non-repeatable levels by time:
     D:1: 1362 daAuts
     D:2: 1037 daAuts
     D:3: 23 daAuts
